 Dungeon Crawl Stone Soup version 0.30.0-29-ga12c61a403 (webtiles) character file.

Game seed: 12691447193536274891

236532 Peloso the Hoplite (level 19, -1/217 HPs)
             Began as a Minotaur Fighter on June 3, 2023.
             Was a High Priest of Okawaru.
             Killed from afar by a starcursed mass (16 damage)
             ... with an accursed screaming
             ... on level 3 of the Abyss.
             The game lasted 02:02:03 (37240 turns).

Peloso the Hoplite (Minotaur Fighter)              Turns: 37240, Time: 02:02:03

Health: -1/217     AC: 32    Str: 23    XL:     19   Next: 28%
Magic:  14/14      EV:  7    Int:  8    God:    Okawaru [*****.]
Gold:   2101       SH: 22    Dex: 12    Spells: 18/18 levels left

rFire   x x .        a - +7 falchion of Painful Death {flame, rC+ Will+}
rCold   + + .        d - +0 tower shield
rNeg    + . .        s - +6 gold dragon scales
rPois   +            e - +5 hat of the Equinox {Regen+}
rElec   .            N - +1 cloak of Plog {Int+3}
rCorr   +            (no gloves)
SInv    .            r - +0 pair of boots of the Barnacle {rPois Regen+}
Will    +++..        M - amulet of regeneration Stlth
                     E - ring "Cuixuv" {rN+ Will+ rCorr Dex+4}
HPRegen 2.96/turn    W - ring of flight
MPRegen 0.14/turn

%: random rage (3%)
@: berserking, flying, unable to read, unable to drink, very quick
A: horns 2, retaliatory headbutt, [berserk 1], [clumsy 2], [deformed body],
[deterioration 2], [frail 2], [low MP 3], [screaming 2], ([teleportitis 2]),
[weak 2], [heat vulnerability 3], [inability to drink after injury 2],
[inability to read after injury 2]
a: Renounce Religion, Heroism, Finesse, Duel


You were on level 3 of the Abyss.
You worshipped Okawaru.
Okawaru was extremely pleased with you.
You visited 6 branches of the dungeon, and saw 30 of its levels.
You visited the Abyss 1 time.
You visited 1 bazaar.
You also visited: Trove, Gauntlet, Ice Cave and Volcano.

You collected 3858 gold pieces.
You spent 1757 gold pieces at shops.

Inventory:

Hand Weapons
 a - the +7 falchion of Painful Death (weapon) {flame, rC+ Will+}
   (You bought it in a shop on level 2 of the Orcish Mines)

   rC:        It protects you from cold.
   Will:      It increases your willpower.
 b - a +3 vampiric scimitar
Armour
 c - a scarf of repulsion
 d - a +0 tower shield (worn)
 e - the +5 hat of the Equinox (worn) {Regen+}
   (You acquired it in a bazaar)

   Regen:     It increases your rate of health regeneration.
 r - the +0 pair of boots of the Barnacle (worn) {rPois Regen+}
   (You found it on level 14 of the Dungeon)

   rPois:     It protects you from poison.
   Regen:     It increases your rate of health regeneration.
 s - +6 gold dragon scales (worn)
 N - the +1 cloak of Plog (worn) {Int+3}
   (Okawaru gifted it to you on level 15 of the Dungeon)

   Int:       It affects your intelligence (+3).
 P - a +2 hat of willpower
 Y - the +0 cloak of Leusix {rElec Str+2 Int-4}
   (You bought it in a shop on level 1 of the Elven Halls)

   Str:       It affects your strength (+2).
   Int:       It affects your intelligence (-4).
   rElec:     It insulates you from electricity.
Jewellery
 i - a +4 ring of protection
 m - a ring of protection from cold
 q - an amulet of guardian spirit
 B - the amulet "Garuwuj" {Faith Will+ Int-2 Dex+2 Slay+3}
   (You found it in a Gauntlet)

   [amulet of faith]

   It allows you to gain divine favour quickly.
   Int:       It affects your intelligence (-2).
   Dex:       It affects your dexterity (+2).
   Slay:      It affects your accuracy & damage with ranged weapons and melee
   (+3).
   Will:      It increases your willpower.
 E - the ring "Cuixuv" (left hand) {rN+ Will+ rCorr Dex+4}
   (You found it in a Gauntlet)

   [ring of resist corrosion]

   Dex:       It affects your dexterity (+4).
   rN:        It protects you from negative energy.
   rCorr:     It protects you from acid and corrosion.
   Will:      It increases your willpower.
 M - an amulet of regeneration (around neck)
 W - a ring of flight (right hand)
Wands
 l - a wand of flame (18)
Scrolls
 f - 6 scrolls of identify
 g - 2 scrolls of fear
 j - 14 scrolls of teleportation
 t - a scroll of fog
 y - 5 scrolls of poison
 z - 7 scrolls of immolation
 Q - a scroll of blinking
 S - a scroll of magic mapping
Potions
 h - 6 potions of might
 k - a potion of magic
 n - a potion of resistance
 o - a potion of mutation
 p - 2 potions of curing
 D - 4 potions of invisibility
 G - 9 potions of flight
 I - 10 potions of heal wounds
 O - 5 potions of berserk rage
 R - 4 potions of haste


   Skills:
 + Level 19.0 Fighting
 + Level 1.5(12.2) Short Blades
 + Level 20.0 Long Blades
 + Level 19.1 Armour
 + Level 4.6 Dodging
 + Level 2.6 Stealth
 + Level 22.7 Shields
 + Level 0.5 Unarmed Combat
 + Level 4.7 Invocations
 + Level 1.4 Evocations


You had 18 spell levels left.
You didn't know any spells.
Your spell library contained the following spells:

 Spells                   Type           Power      Damage    Failure   Level
 Beastly Appendage        Tmut           0%         N/A       100%        1
 Kiss of Death            Conj/Necr      0%         2d5       100%        1
 Magic Dart               Conj           0%         1d3       100%        1
 Sandblast                Erth           0%         2d4       100%        1
 Shock                    Conj/Air       0%         1d3       100%        1
 Ensorcelled Hibernation  Hex/Ice        0%         N/A       100%        2
 Passwall                 Tmut/Erth      0%         N/A       100%        2
 Searing Ray              Conj           0%         2d4       100%        2
 Confusing Touch          Hex            0%         N/A       100%        3
 Frozen Ramparts          Ice            0%         1d1       100%        3
 Gell's Gravitas          Tloc           0%         N/A       100%        3
 Ignite Poison            Fire/Tmut/Pois 0%         N/A       100%        3
 Inner Flame              Hex/Fire       0%         N/A       100%        3
 Portal Projectile        Hex/Tloc       0%         N/A       100%        3
 Stone Arrow              Conj/Erth      0%         3d7       100%        3
 Swiftness                Air            0%         N/A       100%        3
 Teleport Other           Tloc           0%         N/A       100%        3
 Airstrike                Air            0%         2d(0-16)  100%        4
 Dispel Undead            Necr           0%         3d6       100%        4
 Flame Wave               Conj/Fire      0%         2d4       100%        4
 Fulminant Prism          Conj/Hex       0%         3d5       100%        4
 Ice Form                 Ice/Tmut       0%         N/A       100%        4
 Leda's Liquefaction      Hex/Erth       0%         N/A       100%        4
 Passage of Golubria      Tloc           0%         N/A       100%        4
 Sticky Flame             Conj/Fire      0%         2d3       100%        4
 Borgnjor's Vile Clutch   Necr/Erth      0%         N/A       100%        5
 Lee's Rapid Deconstruct  Erth           0%         3d4*      100%        5
 Yara's Violent Unravell  Hex/Tmut       0%         3d3       100%        5
 Dispersal                Tloc           0%         N/A       100%        6
 Call Canine Familiar     Summ           Unusable   N/A       N/A         3
 Tukima's Dance           Hex            Unusable   N/A       N/A         3
 Animate Dead             Necr           Unusable   N/A       N/A         4
 Summon Ice Beast         Ice/Summ       Unusable   N/A       N/A         4
 Death Channel            Necr           Unusable   N/A       N/A         6

Dungeon Overview and Level Annotations

Branches:
Dungeon (15/15)            Temple (0/1) D:4            Lair (5/5) D:9
  Swamp (3/4) Lair:3       Spider (2/4) Lair:2        Slime (0/5) Lair:4
    Orc (2/2) D:11            Elf (3/3) Orc:2        Vaults (0/5) D:13
 Depths (0/4) D:15          IceCv (visited)         Volcano (visited)
Gauntlet (visited)

Altars:
Ashenzari
Fedhas
Hepliaklqana
Kikubaaqudgha
Okawaru
Sif Muna
Trog
Wu Jian
Yredelemnul
The Shining One
Jiyva

Shops:
D:2 !((   Orc:2 *=*(   Elf:1 ?[((   Elf:2 (:!

Portals:
Pandemonium: Orc:2

Annotations:
D:13 Casa -
Lair:5 1 runed translucent door, waddelsworth's ghost, journeyman TrFi
Elf:2 5 runed translucent doors


Innate Abilities, Weirdness & Mutations

You have a pair of horns on your head.
You reflexively headbutt those who attack you in melee.
[You sometimes lose your temper in combat.]
[You are very clumsy. (Dex -4)]
[Armour fits poorly on your strangely shaped body.]
[Your body often deteriorates upon taking damage.]
[You are very frail. (-20% HP)]
[Your magical capacity is extremely low. (-30% MP)]
[You frequently scream uncontrollably at your foes.]
[((You are often teleported next to monsters.))]
[You are very weak. (Str -4)]
[You are extremely vulnerable to heat. (rF---)]
[You sometimes lose the ability to drink potions when taking damage.]
[You sometimes lose the ability to read scrolls when taking damage.]


Message History

* * * LOW HITPOINT WARNING * * *
You hold your ground!
You block the thrashing horror's attack.
A starcursed mass splits.
The wretched star pulses with an eldritch light!
You feel vulnerable to heat.
Your connection to magic feels subdued.
Your connection to magic feels more subdued.
You barely miss the tentacled starspawn.
The substance of the Abyss twists violently, and a gateway leading out appears!
The thrashing horror barely misses you. You furiously retaliate!
You headbutt the thrashing horror!!
You destroy the thrashing horror!
Okawaru accepts your kill. You block the starcursed mass's attack.
You feel the corruption within you wane somewhat.
Your connection to magic feels less subdued.
You feel clever.
You feel less vulnerable to cold.
You no longer feel vulnerable to cold.
You lose the ability to drink potions when taking damage less often.
You feel clever.
You feel stronger.
You feel a little less angry.
You no longer become unable to drink potions after taking damage.
Your magic regains its normal vibrancy.
You slice the tentacled starspawn!! You burn the tentacled starspawn.
The tentacled starspawn is moderately damaged.
A tentacle flies out from the starspawn's body!
A starcursed mass splits. x2
The wretched star pulses with an eldritch light!
You feel weaker. The starcursed mass barely misses you.
You furiously retaliate!
You headbutt the starcursed mass!!
You destroy the starcursed mass!
Okawaru accepts your kill.
A starspawn tentacle comes into view.
You slash the tentacled starspawn! You burn the tentacled starspawn.
The tentacled starspawn is moderately damaged.
The wretched star pulses with an eldritch light!
You occasionally lose the ability to drink potions when taking damage.
You lose the ability to drink potions when taking damage more often.
A cacophony of accursed wailing tears at your sanity!
You die...

..### # # . ##.
#.##.. # . #.#..
#...#.. #...##..
....... . .##XX
XX...# .#.
..#XXX#X.... . .
#.#.hwXX*. # .
.. ###XX.X#.# #
. ## #⌠###@X.# #
#....*X3#X....#
..##†..#.###.###
#.. ...#..## #
#... ## ...# #
### ....... .
....###.# #..##.
## . #


You could see 14 starcursed masses, 2 tentacled starspawn, 2 wretched stars, a
smoke demon, a black bear and a starspawn tentacle.

Vanquished Creatures
  Jorgrun (Swamp:1)
  2 deep elf blademasters (Elf:3)
  2 deep elf master archers (Elf:3)
  The ghost of Amplified the Genius of the Arcane, an adept DsIE of Sif Muna (Elf:3)
  Gastronok (D:8)
  Frances (Swamp:2)
  A tengu reaver (D:14)
  Kirke (Swamp:1)
  A tentacled starspawn (Abyss:3)
  2 azure jellies (IceCv)
  The ghost of Nicoed the Executioner, a journeyman MiBe of Okawaru (D:13)
  Donald (Swamp:1)
  A deep elf sorcerer (Elf:3)
  2 ghost moths (Spider:1)
  2 deep elf elementalists (Elf:3)
  Aizul (Lair:3)
  Louise (Swamp:2)
  A deep elf demonologist (Elf:1)
  7 deep elf annihilators
  An eleionoma (Lair:3)
  A minotaur (Gauntlet)
  4 bunyips
  Snorg (Lair:3)
  5 deep elf death magi (Elf:3)
  A blizzard demon (Gauntlet)
  Josephine (Swamp:1)
  3 jiangshi (Abyss:3)
  A deep elf high priest (Elf:3)
  An entropy weaver (Spider:2)
  2 shambling mangroves (Swamp:3)
  13 hydras
  2 demonspawn (Orc:2)
  3 centaur warriors
  5 ghost crabs
  An ogre mage (D:13)
  8 two-headed ogres
  3 death knights
  2 radroaches (Spider:2)
  8 alligators
  18 dancing weapons
  A vampire mage (Abyss:3)
  6 death yaks
  A boulder beetle (D:14)
  2 tengu warriors
  3 thrashing horrors (Abyss:3)
  9 orc high priests
  16 spriggans
  10 deep elf knights
  A hell knight (D:14)
  A skyshark (Lair:4)
  3 skeletal warriors
  A wretched star (Abyss:3)
  A pharaoh ant (Spider:1)
  4 sun moths (Spider:1)
  4 goliath frogs
  5 large abominations (Abyss:3)
  3 spriggan druids (Swamp:3)
  3 swamp dragons (Swamp:3)
  Amaemon (D:8)
  6 deep elf archers
  An obsidian statue (Orc:2)
  2 orb spiders
  A bog body (Swamp:1)
  A harpy (D:14)
  Pikel (D:7)
  4 steelbarb worms (Spider:2)
  A necromancer (D:15)
  A lindwurm (Lair:5)
  5 orc knights
  A phantasmal warrior (D:14)
  An anaconda skeleton (Volcano)
  30 deep elf pyromancers
  19 deep elf zephyrmancers
  6 orc sorcerers
  3 wolf spiders (Spider:1)
  23 ugly things
  2 will-o-the-wisps
  2 worldbinders (Abyss:3)
  5 manticores
  8 cyclopes
  6 apocalypse crabs
  3 black mambas
  3 elephants (Lair:2)
  A guardian serpent (shapeshifter) (D:14)
  A rust devil (Orc:2)
  3 ice statues (IceCv)
  A naga mage (D:15)
  Joseph (Lair:1)
  2 smoke demons
  3 gargoyles (Volcano)
  A demonic crawler (Spider:1)
  2 orange demons
  2 torpor snails (Spider:2)
  Maggie (D:8)
  7 cane toads
  4 rime drakes
  5 centaur skeletons
  6 komodo dragons
  An unseen horror (D:12)
  5 kobold demonologists
  2 freezing wraiths
  2 ice devils
  The ghost of engelados the Conjurer, a novice OpCj (D:4)
  2 meliai
  A queen bee (shapeshifter) (D:15)
  12 hornets
  6 trolls
  9 tarantellas
  4 polar bears (Lair:5)
  An ancient zyme (Abyss:3)
  A harpy skeleton (Volcano)
  7 tyrant leeches
  4 raiju (Abyss:3)
  The ghost of mmBingo the Magician, an amateur DsHW (D:4)
  5 dream sheep (Lair:5)
  10 blink frogs (Lair:3)
  A meliai zombie (D:15)
  7 jumping spiders
  11 slime creatures
  A vampire (D:11)
  6 water elementals
  An air elemental (Elf:1)
  3 flying skulls (Volcano)
  5 centaur simulacra
  9 culicivoras
  Sigmund (D:3)
  10 wraiths
  60 yaks
  6 wyverns
  6 basilisks
  A hog (shapeshifter) (D:14)
  2 fire elementals
  4 humans (Swamp:1)
  A yak (shapeshifter) (Abyss:3)
  2 chaos spawn (Gauntlet)
  2 golden eyes (Abyss:3)
  A human (shapeshifter) (Elf:2)
  A neqoxec (Gauntlet)
  A hog (Swamp:1)
  23 redbacks
  19 vampire mosquitoes
  Grum (D:8)
  12 swamp worms
  7 wargs
  13 water moccasins
  An acid dragon (shapeshifter) (D:14)
  4 acid dragons
  An ice beast (shapeshifter) (D:14)
  An ice beast (D:7)
  31 orc warriors
  4 great orb of eyes simulacra (IceCv)
  4 black bears
  4 swamp drakes
  32 wolves
  20 centaurs
  6 ogres
  4 boggarts (Lair:5)
  A phantom (D:5)
  4 slime creature simulacra (IceCv)
  The ghost of klichko the Conjurer, an amateur GrRe (D:4)
  9 bullfrogs
  A gnoll sergeant (D:7)
  7 kobold brigands
  2 scorpions
  A cane toad simulacrum (Gauntlet)
  3 earth elementals
  4 glowing shapeshifter simulacra (IceCv)
  6 wights
  7 killer bees
  2 spriggan skeletons (Volcano)
  7 electric eels
  7 howler monkeys
  A quasit (Abyss:3)
  An iron imp (Abyss:3)
  2 jellies
  21 orc priests
  11 starcursed masses (Abyss:3)
  Crazy Yiuf (D:7)
  2 gnoll boudas
  6 iguanas
  Jessica (D:3)
  Ijyb (D:2)
  Natasha (thrice) (D:2)
  A boggart zombie (D:15)
  33 orc wizards
  4 shapeshifter simulacra (IceCv)
  A boggart skeleton (D:15)
  A naga skeleton (Volcano)
  24 gnolls
  7 adders
  A shadow imp (D:8)
  14 white imps
  2 ufetubi
  A worm (D:3)
  10 dart slugs
  93 orcs
  3 ball pythons
  4 bats
  6 endoplasms
  5 giant cockroaches
  5 goblins
  7 hobgoblins
  4 jackals (D:3)
  22 kobolds
  A quokka (D:3)
  4 frilled lizards
  6 rats
1138 creatures vanquished.

Vanquished Creatures (others)
  A spriggan druid (Swamp:3)
  A deep elf pyromancer (Elf:1)
  A bloated husk (Swamp:3)
  A dart slug (D:7)
  6 foxfires
  4 starspawn tentacles (Abyss:3)
14 creatures vanquished.

Grand Total: 1152 creatures vanquished

Notes
Turn   | Place    | Note
-------+----------+-------------------------------------------
     0 | D:1      | Peloso the Minotaur Fighter began the quest for the Orb.
     0 | D:1      | Reached XP level 1. HP: 19/19 MP: 0/0
   280 | D:1      | Reached XP level 2. HP: 27/27 MP: 1/1
   968 | D:2      | Found Dynalups's Weapon Emporium.
  1053 | D:2      | Noticed Natasha
  1057 | D:2      | Killed Natasha
  1058 | D:2      | Reached skill level 4 in Shields
  1058 | D:2      | Reached XP level 3. HP: 14/33 MP: 2/2
  1160 | D:2      | Found Hacwup's Distillery.
  1166 | D:2      | Found a faded altar of an unknown god.
  1215 | D:2      | Noticed Natasha
  1221 | D:2      | Killed Natasha
  1227 | D:2      | Reached XP level 4. HP: 37/41 MP: 3/3
  1293 | D:2      | Found Lazoups's Weapon Boutique.
  1625 | D:2      | Noticed Natasha
  1636 | D:2      | Killed Natasha
  1742 | D:3      | Noticed Ijyb
  1952 | D:2      | Killed Ijyb
  1953 | D:2      | Reached XP level 5. HP: 47/47 MP: 4/4
  2090 | D:3      | Found an iron altar of Okawaru.
  2110 | D:3      | Reached skill level 1 in Dodging
  2139 | D:3      | Became a worshipper of Warmaster Okawaru
  2142 | D:3      | Found an ancient bone altar of Kikubaaqudgha.
  2148 | D:3      | Reached skill level 5 in Armour
  2426 | D:3      | Noticed Jessica
  2434 | D:3      | Killed Jessica
  2580 | D:3      | Noticed Sigmund
  2587 | D:3      | Killed Sigmund
  2588 | D:3      | Reached skill level 5 in Long Blades
  2588 | D:3      | Reached XP level 6. HP: 47/55 MP: 5/5
  2631 | D:4      | Reached skill level 5 in Fighting
  2645 | D:4      | Reached * piety under Okawaru
  2762 | D:4      | Reached XP level 7. HP: 52/61 MP: 6/6
  3187 | D:4      | Found a runed translucent gate.
  3187 | D:4      | Found a runed translucent gate.
  3187 | D:4      | Found a runed translucent gate.
  3202 | D:4      | Found a staircase to the Ecumenical Temple.
  3502 | D:4      | Noticed mmBingo's ghost (amateur DsHW)
  3502 | D:4      | Noticed klichko's ghost (amateur GrRe)
  3502 | D:4      | Noticed engelados's ghost (novice OpCj)
  3676 | D:5      | Entered Level 5 of the Dungeon
  3792 | D:5      | Found an ornate altar of the Wu Jian Council.
  4569 | D:6      | Reached skill level 1 in Stealth
  4652 | D:6      | Reached XP level 8. HP: 68/70 MP: 7/7
  4827 | D:6      | Reached ** piety under Okawaru
  4828 | D:6      | Reached skill level 5 in Shields
  5121 | D:6      | Found a glowing golden altar of the Shining One.
  5130 | D:6      | Found a basalt altar of Yredelemnul.
  5132 | D:6      | Noticed a profane servitor
  5196 | D:6      | Noticed an angel
  5453 | D:7      | Reached XP level 9. HP: 79/79 MP: 8/8
  5459 | D:7      | Noticed Pikel
  5479 | D:7      | Killed Pikel
  5479 | D:7      | Reached *** piety under Okawaru
  5587 | D:7      | Found a runed translucent door.
  5588 | D:7      | Noticed Crazy Yiuf
  5782 | D:7      | Reached skill level 10 in Long Blades
  6209 | D:7      | Found a bloodstained altar of Trog.
  6219 | D:7      | Reached skill level 1 in Invocations
  6256 | D:7      | Found a hazy altar of Hepliaklqana.
  6268 | D:7      | Reached skill level 6 in Shields
  6443 | D:7      | Killed Crazy Yiuf
  6531 | D:8      | Noticed Gastronok
  6531 | D:8      | Noticed Grum
  6532 | D:8      | Found a broken altar of Ashenzari.
  6547 | D:8      | Reached skill level 1 in Evocations
  6579 | D:8      | Killed Grum
  6838 | D:8      | Killed Gastronok
  6838 | D:8      | Reached **** piety under Okawaru
  6838 | D:8      | Reached ***** piety under Okawaru
  6839 | D:8      | Reached XP level 10. HP: 49/88 MP: 9/9
  7098 | D:8      | Reached skill level 7 in Shields
  7201 | D:8      | Found a blossoming altar of Fedhas.
  7266 | D:8      | Noticed Maggie
  7274 | D:8      | Killed Maggie
  7336 | D:8      | Noticed Amaemon
  7339 | D:8      | Noticed an orange demon
  7350 | D:8      | Killed Amaemon
  7358 | D:8      | Killed an orange demon
  7445 | D:8      | Found a runed translucent door.
  7855 | D:8      | Reached skill level 8 in Shields
  7954 | D:9      | Identified the +2 tower shield of Duty {*Slow rElec Str-4
                  | Int+8} (Okawaru gifted it to you on level 9 of the Dungeon)
  7954 | D:9      | Received a gift from Okawaru
  7962 | D:9      | Reached XP level 11. HP: 92/97 MP: 9/11
  7968 | D:9      | Found a staircase to the Lair.
  8515 | D:9      | Reached skill level 9 in Shields
  8582 | D:9      | Noticed a two-headed ogre
  8599 | D:9      | Reached skill level 10 in Armour
  8603 | D:9      | Killed a two-headed ogre
  8749 | D:10     | Entered Level 10 of the Dungeon
  9212 | D:10     | Noticed a sun demon
  9603 | D:10     | Reached skill level 10 in Fighting
  9819 | D:11     | Reached skill level 10 in Shields
  9905 | D:11     | Noticed a two-headed ogre
  9918 | D:11     | Killed a two-headed ogre
  9963 | D:11     | Noticed a red ugly thing
  9973 | D:11     | Killed a red ugly thing
 10153 | D:11     | Received a gift from Okawaru
 10320 | D:11     | Found a shimmering blue altar of Sif Muna.
 10475 | D:11     | Found a staircase to the Orcish Mines.
 10665 | D:11     | Reached XP level 12. HP: 101/107 MP: 12/12
 10779 | D:11     | Reached skill level 11 in Shields
 10981 | Lair:1   | Entered Level 1 of the Lair of Beasts
 11455 | Lair:1   | Noticed Joseph
 11466 | Lair:1   | Killed Joseph
 12573 | Lair:2   | Reached skill level 12 in Shields
 12726 | Lair:2   | Found a hole to the Spider Nest.
 12745 | Lair:2   | Received a gift from Okawaru
 12922 | Lair:2   | Identified the +0 pair of boots "Zobotug" {rCorr}
 12983 | Lair:2   | Noticed a five-headed hydra
 13097 | D:12     | Reached skill level 15 in Long Blades
 13438 | D:12     | Noticed a two-headed ogre
 13445 | D:12     | Killed a two-headed ogre
 13550 | D:12     | Noticed a two-headed ogre
 13561 | D:12     | Killed a two-headed ogre
 14099 | Orc:1    | Entered Level 1 of the Orcish Mines
 14263 | Orc:1    | Reached XP level 13. HP: 118/119 MP: 14/14
 14840 | Orc:2    | Entered Level 2 of the Orcish Mines
 15008 | Orc:2    | Found Rieteava's General Store.
 15141 | Orc:2    | Reached skill level 13 in Shields
 15161 | Orc:2    | Found Gixaiqan's General Store.
 15292 | Orc:2    | Bought a scroll of identify for 20 gold pieces
 15292 | Orc:2    | Bought a scroll of identify for 20 gold pieces
 15635 | Lair:2   | Received a gift from Okawaru
 15919 | Lair:3   | Found a frozen archway.
 15945 | IceCv    | Entered an ice cave
 16251 | IceCv    | Found a viscous altar of Jiyva.
 16251 | IceCv    | Noticed an azure jelly
 16267 | IceCv    | Killed an azure jelly
 16268 | IceCv    | Noticed an azure jelly
 16333 | IceCv    | Killed an azure jelly
 16380 | IceCv    | Got the ring of Ynuveank {Ice Will+++ Str-2 Int-5 Stlth+}
 16384 | IceCv    | Identified the ring of the Ancients {Wiz rC- rN+++ Dex+2}
 16500 | Lair:3   | Found a dark tunnel.
 16504 | Volcano  | Entered a volcano
 16813 | Volcano  | Reached skill level 14 in Shields
 17391 | Lair:3   | Noticed Snorg
 17404 | Lair:3   | Killed Snorg
 17526 | Lair:3   | Reached XP level 14. HP: 130/130 MP: 15/15
 17552 | Lair:3   | Reached skill level 1 in Short Blades
 17892 | Lair:3   | Found a staircase to the Swamp.
 18053 | Lair:4   | Found a staircase to the Slime Pits.
 18067 | Lair:4   | Found a viscous altar of Jiyva.
 19121 | Orc:2    | Found an iron altar of Okawaru.
 19198 | Orc:2    | Found a staircase to the Elven Halls.
 19395 | Orc:2    | Reached skill level 15 in Shields
 19513 | Orc:2    | Received a gift from Okawaru
 19585 | Orc:2    | Found Ezoolemi's Antique Weapon Shop.
 19585 | Orc:2    | Found Hittuasott's Jewellery Boutique.
 19586 | Orc:2    | Found a one-way gate leading to the halls of Pandemonium.
 19601 | Orc:2    | Bought an ichor-stained falchion for 248 gold pieces
 19601 | Orc:2    | Identified the +7 falchion of Painful Death {flame, rC+
                  | Will+} (You bought it in a shop on level 2 of the Orcish
                  | Mines)
 20084 | Orc:2    | Found a gateway to a bazaar.
 20097 | Bazaar   | Entered a bazaar
 20102 | Bazaar   | Found Yhyteqou's General Store.
 20111 | Bazaar   | Found Roloq's Distillery.
 20118 | Bazaar   | Found Apoati's Magic Scroll Emporium.
 20154 | Bazaar   | Found Nissir's Armour Emporium.
 20183 | Bazaar   | Bought a scroll of acquirement for 728 gold pieces
 20199 | Bazaar   | Bought a potion of berserk rage for 40 gold pieces
 20199 | Bazaar   | Bought a potion of haste for 80 gold pieces
 20455 | Lair:5   | Entered Level 5 of the Lair of Beasts
 20703 | Lair:5   | Found a runed translucent door.
 20703 | Lair:5   | Noticed waddelsworth's ghost (journeyman TrFi)
 20937 | Lair:5   | Received a gift from Okawaru
 21020 | Lair:5   | Reached skill level 15 in Fighting
 21158 | Lair:5   | Reached skill level 16 in Shields
 21542 | Lair:5   | Reached XP level 15. HP: 141/141 MP: 16/16
 22193 | D:4      | Killed klichko's ghost
 22198 | D:4      | Killed engelados's ghost
 22217 | D:4      | Killed mmBingo's ghost
 22944 | D:13     | Found a runed translucent gate.
 22944 | D:13     | Found a runed translucent gate.
 22944 | D:13     | Found a runed translucent gate.
 22945 | D:13     | Noticed Nicoed's ghost (journeyman MiBe)
 22952 | D:13     | Identified the +9 rapier of the Valley of Death {freeze,
                  | rF+ Dex+4}
 23109 | D:13     | Reached skill level 17 in Shields
 23132 | D:13     | Received a gift from Okawaru
 23133 | D:13     | Reached skill level 15 in Armour
 23501 | D:13     | Found a portal to a secret trove of treasure.
 23608 | D:13     | Found a gate to the Vaults.
 23919 | Orc:2    | Bought a potion of curing for 33 gold pieces
 24180 | D:2      | Bought a potion of curing for 33 gold pieces
 24180 | D:2      | Bought a potion of heal wounds for 55 gold pieces
 24568 | D:14     | Found a gate leading to a gauntlet.
 24585 | Gauntlet | Entered a Gauntlet
 24585 | Gauntlet | Found a transporter.
 24585 | Gauntlet | Found a transporter.
 24595 | Gauntlet | Found a transporter.
 24598 | Gauntlet | Found a transporter.
 24602 | Gauntlet | Found a runed translucent door.
 24604 | Gauntlet | Found a runed translucent door.
 24610 | Gauntlet | Found a transporter.
 24613 | Gauntlet | Found a transporter.
 24630 | Gauntlet | Found a transporter.
 24677 | Gauntlet | Found a transporter.
 24682 | Gauntlet | Found a transporter.
 24685 | Gauntlet | Found a transporter.
 24704 | Gauntlet | Found a transporter.
 24705 | Gauntlet | Found a transporter.
 24928 | Gauntlet | Identified the amulet "Garuwuj" {Faith Will+ Int-2 Dex+2
                  | Slay+3}
 24987 | Gauntlet | Identified the ring "Cuixuv" {rN+ Will+ rCorr Dex+4}
 25279 | D:14     | Identified the ring "Jahe" {Wiz Dex+3}
 25307 | D:14     | Reached skill level 18 in Shields
 25819 | D:14     | Identified the +0 pair of boots of the Barnacle {rPois
                  | Regen+}
 25866 | D:14     | Noticed a tengu reaver
 25886 | D:14     | Killed a tengu reaver
 26122 | D:14     | Reached XP level 16. HP: 149/152 MP: 17/17
 26370 | D:15     | Entered Level 15 of the Dungeon
 26376 | D:15     | Identified the +1 cloak of Plog {Int+3} (Okawaru gifted it
                  | to you on level 15 of the Dungeon)
 26376 | D:15     | Received a gift from Okawaru
 26889 | D:15     | Found a staircase to the Depths.
 27534 | D:13     | Killed Nicoed's ghost
 27633 | D:13     | You paid a toll of 18 potions of curing to enter a treasure
                  | trove
 27634 | Trove    | Entered a treasure trove
 27639 | Trove    | Identified the +4 arbalest of Bread {flame, *Corrode rC+++
                  | Int+3 Stlth+}
 27643 | Trove    | Identified the +1 whip "Verengot" {antimagic, rPois rC-
                  | Str+7}
 28099 | D:15     | Reached XP level 17. HP: 160/160 MP: 17/19
 28121 | D:15     | Acquired the +5 hat of the Equinox {Regen+}
 28363 | Swamp:1  | Entered Level 1 of the Swamp
 28363 | Swamp:1  | Noticed Jorgrun
 28376 | Swamp:1  | Killed Jorgrun
 28406 | Swamp:1  | Noticed Aizul
 28497 | Lair:3   | Killed Aizul
 28535 | Lair:3   | Reached skill level 19 in Shields
 28718 | Swamp:1  | Noticed Josephine
 28734 | Swamp:1  | Killed Josephine
 28758 | Swamp:1  | Noticed Kirke
 28784 | Swamp:1  | Killed Kirke
 29282 | Spider:1 | Entered Level 1 of the Spider Nest
 29336 | Spider:1 | You are sucked into a shaft and drop 1 floor!
 30227 | Spider:1 | Identified the -2 pair of boots of Lies {rPois Int+4}
                  | (Okawaru gifted it to you on level 1 of the Spider Nest)
 30227 | Spider:1 | Received a gift from Okawaru
 31285 | Swamp:2  | Noticed Louise
 31298 | Swamp:1  | Reached skill level 20 in Shields
 31399 | Swamp:2  | Noticed Donald
 31528 | Swamp:1  | Killed Donald
 31569 | Swamp:2  | Killed Louise
 31680 | Swamp:2  | Reached XP level 18. HP: 114/171 MP: 20/20
 31818 | Swamp:2  | Noticed Frances
 31837 | Swamp:2  | Killed Frances
 31966 | Swamp:2  | Identified the +2 robe "Istry" {rF- Str+2 Int+3 Archmagi}
 32738 | Swamp:3  | Found a runed translucent door.
 32918 | Swamp:3  | Reached ****** piety under Okawaru
 32931 | Swamp:3  | Received a gift from Okawaru
 33103 | Swamp:3  | Got the Elucidation of Mutagenic Cleavage
 33460 | Elf:1    | Entered Level 1 of the Elven Halls
 33557 | Elf:1    | Found Xefeeschu's Weapon Emporium.
 33578 | Elf:1    | Paralysed by an air elemental for 1 turns
 33601 | Elf:1    | Found Ducuqaocu's Antique Weapon Boutique.
 33775 | Elf:1    | Reached skill level 21 in Shields
 33811 | Elf:1    | Noticed a Hell Sentinel
 33826 | Elf:1    | Noticed a Hell Sentinel
 33830 | Elf:1    | Received a gift from Okawaru
 33986 | Elf:1    | Found Zagiyp's Antique Armour Shoppe.
 33993 | Elf:1    | Bought a crude cloak for 228 gold pieces
 33993 | Elf:1    | Identified the +0 cloak of Leusix {rElec Str+2 Int-4} (You
                  | bought it in a shop on level 1 of the Elven Halls)
 34377 | Elf:1    | Found Sakasigi's Magic Scroll Shop.
 34712 | Elf:2    | Identified the amulet of Beducwiemu {Spirit Str+5}
 35327 | Elf:2    | Found Tuodittott's Weapon Shop.
 35331 | Elf:2    | Found Wumuak's Book Boutique.
 35332 | Elf:2    | Found Giosied's Distillery.
 35342 | Elf:2    | Bought a potion of mutation for 128 gold pieces
 35342 | Elf:2    | Bought a potion of might for 64 gold pieces
 35342 | Elf:2    | Bought a potion of heal wounds for 80 gold pieces
 35420 | Elf:2    | Found a huge runed translucent gate.
 35420 | Elf:2    | Found a huge runed translucent gate.
 35420 | Elf:2    | Found a huge runed translucent gate.
 35420 | Elf:2    | Found a huge runed translucent gate.
 35423 | Elf:2    | Found a huge runed translucent gate.
 35790 | Elf:3    | Entered Level 3 of the Elven Halls
 35969 | Elf:3    | Found a runed translucent door.
 35971 | Elf:3    | Noticed Amplified's ghost (adept DsIE)
 36005 | Elf:3    | Killed Amplified's ghost
 36019 | Elf:3    | Identified the +1 scale mail of Zupsov {rN+ Dex-3 SInv
                  | Stlth+}
 36300 | Elf:3    | Identified the +0 robe of Sir Zank {Will++ Dex+2} (Okawaru
                  | gifted it to you on level 3 of the Elven Halls)
 36300 | Elf:3    | Received a gift from Okawaru
 36318 | Elf:3    | Reached skill level 22 in Shields
 36464 | Elf:3    | Reached XP level 19. HP: 80/181 MP: 21/21
 36814 | Abyss:3  | Cast into level 3 of the Abyss (a deep elf sorcerer)
 36953 | Abyss:3  | Paralysed by accursed screaming for 1 turns
 37240 | Abyss:3  | Killed from afar by a starcursed mass

Illustrated notes

Levels and vault maps discovered:
D:1:      dpeg_arrival_signposts, layout_basic, kennysheep_another_room
D:2:      layout_loops_ring, hellmonk_ecumenical_altar_run_dry, serial_shops,
          shop, nicolae_shop_bloodbath_and_beyond, shop_statue, uniq_natasha
D:3:      layout_rooms, mainiacjoe_overflow_large_starburst,
          hangedman_glass_teeth, kennysheep_cluttered_room, uniq_sigmund,
          uniq_jessica, uniq_ijyb
D:4:      minmay_spotlight, layout_basic, minmay_temple_entry_junction_2,
          serial_forest, infiniplex_forest_straight_3,
          infiniplex_forest_clump_small, infiniplex_forest_clump_cross,
          infiniplex_forest_lined_room_2, infiniplex_forest_clump_long,
          infiniplex_forest_lined_2, gammafunk_ghost_cemetery
D:5:      layout_gridville, nicolae_overflow_hidden_temple
D:6:      layout_basic, grunt_temple_overflow_holy_war
D:7:      kennysheep_slugbush, layout_loops_ring, mainiacjoe_overflow_two_lobes,
          minmay_fountain_box, uniq_crazy_yiuf_cottage, uniq_pikel
D:8:      layout_basic, cheibrodos_ashenzari_chains,
          mainiacjoe_overflow_small_starburst, lightli_church_of_beogh,
          uniq_maggie, uniq_amaemon, uniq_gastronok, uniq_grum
D:9:      layout_roguey, minmay_lair_entry_grove, kennysheep_decorative_pillar
D:10:     layout_loops_corners
D:11:     layout_basic, hiddenorc1_lemuel, kennysheep_orc_sif_temple
D:12:     layout_roguey
D:13:     layout_cave_pools, hangedman_vaults_entry_quadrant_bands,
          ebering_ghost_rock_garden, trove_entry_hex_spiral
D:14:     evilmike_diamond_1, layout_rooms, gauntlet_entry_generic,
          serial_park_square3 [serial_park_minivault_5x5_1]
D:15:     grunt_enter_depths_magical_seal, layout_basic, serial_park_gazebo
          [serial_park_minivault_5x5_7]
Lair:1:   layout_hall_layers, chequers_serial_rivers_micro_c, uniq_joseph
Lair:2:   layout_regular_city, hellmonk_spider_entry_not_the_bees
Lair:3:   layout_regular_city, minmay_swamp_entry_worms,
          nicolae_volcano_entry_two_sided, portal_ice_cave_entry_imps,
          uniq_snorg
Lair:4:   layout_regular_city, minmay_slime_entry_pillars,
          chequers_serial_rivers_micro_d, grunt_megastairs_4
Lair:5:   minmay_lair_end_enchanted_forest, layout_misc_corridors,
          hellmonk_ghost_happy_afterlife, chequers_serial_rivers_marsh,
          minivault_23, nicolae_quartered_pool_medium, minivault_27,
          ldierk_geyser
Swamp:1:  layout_basic_swamp, hangedman_swamp_ruin_hall, uniq_aizul,
          uniq_josephine, uniq_jorgrun, uniq_kirke
Swamp:2:  layout_basic_swamp, nicolae_swamp_feature_on_the_river_bank,
          swamp_pool2, infiniplex_staircase_pool_2, uniq_louise, uniq_donald,
          uniq_frances
Swamp:3:  gammafunk_mikee_crab_dinner, layout_falls_marsh,
          nicolae_swamp_triple_paths
Spider:1: layout_cave_pods, hangedman_spider_tarantella_strand
Spider:2: layout_spider_delve
Orc:1:    cheibrodos_orc_guarddog, layout_caves
Orc:2:    pf_orc_diabolical, layout_caves, serial_shops, statue_bzr,
          nicolae_orc_flooded_monolith, okawaru_metal_pillars_3
Elf:1:    eino_elf_arrival_the_gate, layout_loops_cross, serial_shops,
          nicolae_shop_hallway_plus, nicolae_shop_advertising_works
          [nicolae_subvault_shop_adworks], nicolae_shop_trees, shop
Elf:2:    elven_hall_of_blades_hangedman_alternative
          [nicolae_blade_entry_antechamber], layout_gridlike, minmay_shop_star
Elf:3:    grunt_elf_hall_diamonds, layout_geoelf_castle,
          ebering_ghost_inner_flame
Abyss:3:  base: Depths:2, hangedman_abyss_or_decor_lesser_grid, minivault_19,
          nicolae_abyss_rune_star_stuff, spicy_abyss_rude_harpoons

Skill      XL: |  1  2  3  4  5  6  7  8  9 10 11 12 13 14 15 16 17 18 19 |
---------------+----------------------------------------------------------+-----
Fighting       | 4 5 7 8 9 10 12 13 15 16 17 18 19 | 19.0
Armour         | 4 5 6 8 9 10 12 13 14 15 16 17 18 19 | 19.1
Shields        | 4 5 6 8 10 12 14 16 18 20 22 | 22.7
Long Blades    | 3 4 5 6 8 9 11 12 14 15 16 17 18 19 20 | 20.0
Dodging        | 1 2 3 4 |  4.6
Stealth        | 1 2 |  2.6
Invocations    | 1 2 3 4 |  4.7
Evocations     | 1 |  1.4
Short Blades   | 1 |  1.5
Unarmed Combat | |  0.5

Action                     |  1- 3 |  4- 6 |  7- 9 | 10-12 | 13-15 | 16-18 | 19-21 || total
---------------------------+-------+-------+-------+-------+-------+-------+-------++-------
  Melee: Long sword        |    33 |   105 |   283 |   857 |   229 |       |       ||  1507
         Headbutt          |     7 |    15 |    51 |   211 |   520 |   476 |   109 ||  1389
         Unarmed           |       |     6 |       |       |       |     3 |       ||     9
         Scimitar          |       |       |       |       |   736 |       |       ||   736
         Dagger            |       |       |       |       |    14 |       |       ||    14
         Falchion          |       |       |       |       |  1085 |  1776 |   318 ||  3179
 Invoke: Heroism           |       |       |     5 |    24 |    28 |    15 |     3 ||    75
  Evoke: Wand              |       |       |     3 |       |     1 |       |       ||     4
    Use: Potion            |     1 |       |     1 |     1 |     3 |     2 |       ||     8
         Scroll            |       |     5 |     4 |     9 |    13 |     9 |       ||    40
   Stab: Distracted        |       |       |       |       |     1 |     1 |       ||     2
         Invisible         |       |       |       |       |     1 |       |       ||     1
         Confused          |       |       |       |       |       |     2 |       ||     2
         Paralysed         |       |       |       |       |       |     1 |       ||     1
 Armour: Scale mail        |    23 |    44 |    15 |       |       |       |       ||    82
         Skin              |       |     4 |       |       |     9 |       |       ||    13
         Chain mail        |       |       |    70 |       |       |       |       ||    70
         Plate armour      |       |       |    19 |   204 |    49 |       |       ||   272
         Crystal plate arm |       |       |       |   133 |  1049 |   773 |       ||  1955
         Gold dragon scale |       |       |       |       |       |    88 |   127 ||   215
  Dodge: Dodged            |    18 |    52 |   189 |   313 |   471 |   323 |    61 ||  1427
         Repelled          |       |     1 |    10 |       |       |       |       ||    11
  Block: Buckler           |     6 |    24 |    54 |       |       |       |       ||    84
         Kite shield       |       |       |    28 |   432 |  1269 |   571 |       ||  2300
         Tower shield      |       |       |       |       |       |   806 |   302 ||  1108
